Map: Jagannatha LE

Players

SKillous

  • Race: Protoss Protoss
  • League: Master
  • Spawn Location: 7:00

INnoVation - Winner!

  • Race: Terran Terran
  • Spawn Location: 1:00

Event: StayAtHome Story Cup #3

VOD

Have the link to the VOD?

Description

Time

  • Played on: March 12, 2021, 10:16 a.m.
  • Length: 7:44

All games in this series

Show
View Real Time Build Order
Export as new Build Order

SKillous Protoss 

Build Orders: 1 Gate Expand, Colossus Rush 

Get SALT Encoding   

  12  0:00  Probe  
  13  0:12  Probe  
  14  0:20  Pylon  
  14  0:24  Probe  
  15  0:38  Probe (Chrono Boost)  
  15  0:39  Gateway  
  16  0:44  Assimilator  
  16  0:48  Probe (Chrono Boost)  
  17  0:54  Probe  
  18  1:06  Probe  
  20  1:18  Probe  
  20  1:27  Cybernetics Core  
  20  1:35  Nexus  
  20  1:40  Pylon  
  20  1:44  Probe  
  21  1:50  Assimilator  
  21  1:56  Probe  
  21  2:00  Adept (Chrono Boost)  
  22  2:04  Warp Gate  
  24  2:08  Probe  
  25  2:20  Probe  
  25  2:21  Stalker (Chrono Boost)  
  28  2:33  Probe  
  28  2:39  Robotics Facility  
  27  2:48  Probe (Chrono Boost)  
  27  2:49  Probe (Chrono Boost)  
  29  2:55  Sentry  
  33  2:59  Probe (Chrono Boost)  
  33  3:01  Probe (Chrono Boost)  
  33  3:04  Probe (Chrono Boost)  
  33  3:06  Gateway  
  33  3:10  Probe  
  35  3:16  Shield Battery  
  35  3:18  Probe (Chrono Boost)  
  36  3:22  Probe (Chrono Boost)  
  36  3:26  Observer  
  38  3:32  Probe (Chrono Boost)  
  38  3:33  Probe (Chrono Boost)  
  40  3:38  Probe  
  40  3:40  Probe  
  42  3:44  Pylon  
  42  3:48  Observer  
  43  3:50  Probe  
  43  3:52  Nexus  
  43  3:54  Probe  
  46  4:02  Probe  
  46  4:06  Probe, Stalker  
  46  4:07  Stalker  
  51  4:11  Pylon  
  51  4:12  Observer  
  51  4:15  Probe  
  52  4:29  Probe (Chrono Boost)  
  52  4:30  Probe (Chrono Boost)  
  50  4:39  Probe (Chrono Boost)  
  50  4:44  Probe (Chrono Boost), Robotics Bay  
  51  4:46  Assimilator  
  51  4:47  Probe (Chrono Boost)  
  51  4:49  Assimilator  
  51  4:52  Probe (Chrono Boost)  
  52  4:53  Probe (Chrono Boost)  
  52  4:59  Twilight Council  
  53  5:00  Pylon  
  53  5:02  Probe (Chrono Boost)  
  53  5:05  Probe (Chrono Boost)  
  56  5:09  Stalker  
  56  5:10  Probe (Chrono Boost)  
  56  5:13  Probe (Chrono Boost)  
  59  5:17  Probe (Chrono Boost)  
  59  5:18  Probe x2 (Chrono Boost)  
  62  5:28  Colossus (Chrono Boost)  
  63  5:31  Observer, Shield Battery  
  63  5:33  Stalker  
  63  5:34  Zealot  
  72  5:42  Pylon  
  72  5:44  Charge, Gateway  
  72  5:47  Probe  
  72  5:48  Probe x2  
  75  5:56  Pylon  
  75  5:57  Zealot, Sentry  
  75  5:58  Shield Battery  
  75  6:00  Probe x2  
  62  6:11  Colossus (Chrono Boost)  
  62  6:17  Stalker  
  65  6:18  Probe x2  
  61  6:26  Stalker  
  61  6:30  Probe x2  
  61  6:32  Observer  
  64  6:33  Probe  
  64  6:40  Zealot x2  
  64  6:43  Probe (Chrono Boost)  
  64  6:46  Probe (Chrono Boost)  
  64  6:47  Probe (Chrono Boost)  
  62  6:54  Probe (Chrono Boost)  
  62  6:56  Probe (Chrono Boost)  
  62  6:57  Stalker  
  62  6:58  Probe (Chrono Boost)  
  62  6:59  Probe (Chrono Boost)  
  62  7:01  Probe (Chrono Boost)  
  69  7:09  Probe  
  69  7:11  Probe  
  69  7:13  Probe  
  77  7:17  Sentry  
  77  7:18  Sentry  
  77  7:21  Probe  
  82  7:25  Stalker  
  82  7:26  Probe x2  
Show
View Real Time Build Order
Export as new Build Order

INnoVation Terran - Winner!

Build Orders:  

Get SALT Encoding   

  12  0:00  SCV  
  13  0:12  SCV  
  14  0:17  Supply Depot  
  14  0:24  SCV  
  15  0:38  SCV  
  15  0:39  Barracks  
  16  0:44  Refinery  
  16  0:50  SCV  
  16  0:55  Refinery  
  17  1:03  SCV  
  18  1:07  Supply Depot  
  18  1:15  SCV  
  19  1:26  Reaper  
  20  1:32  Orbital Command  
  20  1:42  Factory  
  20  1:58  SCV, Marine  
  22  2:10  SCV  
  23  2:16  Command Center  
  23  2:20  Barracks Reactor  
  23  2:22  SCV  
  24  2:32  Starport  
  24  2:36  Widow Mine  
  26  2:39  SCV  
  27  2:46  Supply Depot  
  28  2:51  SCV  
  28  2:59  Widow Mine  
  28  3:01  Marine  
  31  3:07  SCV, Marine  
  31  3:08  Medivac  
  34  3:18  Marine  
  36  3:20  Widow Mine, SCV  
  36  3:25  Marine  
  39  3:28  Orbital Command  
  39  3:32  SCV  
  40  3:43  Factory Tech Lab, Starport Tech Lab  
  40  3:44  Marine x2  
  40  3:46  SCV, Orbital Command  
  43  3:58  SCV  
  43  3:59  Supply Depot  
  43  4:02  Marine x2  
  46  4:04  Raven  
  48  4:10  Siege Tank  
  48  4:12  SCV x2  
  53  4:20  Marine x2  
  55  4:24  SCV x2  
  57  4:32  Supply Depot  
  57  4:37  SCV  
  57  4:38  SCV  
  59  4:40  Barracks x2  
  59  4:42  Siege Tank  
  62  4:48  Marine x2  
  62  4:54  SCV x2, Supply Depot  
  62  4:59  Refinery, Starport Reactor  
  64  5:03  Engineering Bay  
  64  5:06  SCV x2  
  66  5:11  Marine x2  
  68  5:18  SCV x2  
  70  5:26  Supply Depot  
  70  5:29  Terran Infantry Weapons Level 1  
  70  5:30  SCV x2  
  70  5:33  Combat Shield, Stimpack  
  70  5:34  Marine x2  
  74  5:39  Refinery  
  78  5:43  Marauder x2  
  78  5:46  Factory Tech Lab  
  78  5:48  SCV x2, Supply Depot  
  80  5:56  Supply Depot  
  80  6:00  SCV x2  
  80  6:06  Marauder x2, Marine x2  
  81  6:11  Medivac x2  
  81  6:13  SCV x2  
  84  6:23  Marine  
  84  6:24  Marine  
  86  6:27  Marauder x2  
  90  6:33  Siege Tank  
  90  6:36  Command Center, Supply Depot  
  86  6:49  Marauder x2  
  86  6:53  SCV x2  
  86  6:57  Barracks, Medivac x2  
  86  6:59  Barracks  
  90  7:01  Concussive Shells  
  90  7:06  SCV  
  90  7:07  SCV  
  92  7:10  Marauder x2  
  92  7:11  Marine  
  92  7:12  Marine  
  101  7:19  SCV x2  
  103  7:31  SCV x2  
Tags
 
Add a new tag
Caveats
  • Supply blocks, unpowered buildings, or Contaminate may cause inaccurate times.
  • Supply counts are checked every 10 seconds.